Description

THIS BUILD IS FOR TEAM GAMES ONLY - NOT 1v1!

A quick and dirty race for DT's to put pressure on an opponents supply lines whilst your team gears up.

Relies heavily on team to stop any early rushes by opponents.

Replay - Forgotten Sanctuary (6)

Build Order

Get SALT Encoding   

  12  0:01  Probe  Only keep up probe building until base max hit unless forced to transition into different build.
  13  0:15  Pylon  
  13  0:18  Probe  
  14  0:35  Gateway  
  14  0:37  Probe  
  15  0:52  Probe  
  16  1:00  Assimilator x2  fully satturate assimilators with probes
  17  1:04  Probe  
  17  1:16  Probe  
  18  1:24  Cybernetics Core  
  18  1:25  Probe  
  19  1:33  Probe  
  20  1:42  Probe  
  21  1:54  Probe  
  21  2:00  Warp Gate  
  22  2:04  Twilight Council  
  22  2:13  Robotics Facility  
  22  2:40  Pylon  
  22  2:48  Dark Shrine  
  22  2:51  Warp Prism  
  24  3:10  Gateway x2  
  25  3:16  Gateway  
  24  3:22  Pylon x2  
  24  4:21  Dark Templar x4  
Spawning Tool Build Advisor. Get it on Overwolf

Analysis

A good early strike can cripple your opponents allowing your team to build up and hit hard.

If your opponents survive the first push/ get early visibility can transition fairly easily into Immortal/ Archon/ Chargelot on 2 bases.

If first push is failing try to extract DT's to combine with other focres and provide continued visibility pressure.

Go to:

Details

  • Created by: jb6121
  • Published on: Nov 18, 2018
  • Modified on: Nov 18, 2018
  • Patch: 4.0.0
Show
View Real Time Build Order
Export as new Build Order

Comments (0)

There are no comments. Be the first!

Create an account to comment!